 Dungeon Crawl Stone Soup version 0.27-a0-1101-ge311f74bc8 (webtiles) character file.

Game seed: 17288611383941771653

10 wewepker the Skirmisher (level 2, -2/27 HPs)
             Began as a Minotaur Berserker on Apr 28, 2021.
             Was a Follower of Trog.
             Succumbed to a kobold's poison
             ... on level 1 of the Dungeon.
             The game lasted 00:00:36 (159 turns).

wewepker the Skirmisher (Minotaur Berserker)         Turns: 159, Time: 00:00:36

Health: -2/27      AC:  2    Str: 21    XL:     2   Next: 10%
Magic:  1/1        EV: 12    Int:  4    God:    Trog [*.....]
Gold:   23         SH:  0    Dex:  9    Spells: 1/1 levels left

rFire    . . .     SeeInvis .   a - +0 hand axe
rCold    . . .     Faith    .   (no shield)
rNeg     + . .     Spirit   .   b - +0 animal skin
rPois    .         Reflect  .   (helmet restricted)
rElec    .         Harm     .   (no cloak)
rCorr    .         Rampage  .   (no gloves)
Will     .....                  (no boots)
Stlth    +.........             (no amulet)
HPRegen  0.09/turn              d - ring of positive energy
MPRegen  0.07/turn              (no ring)

@: lethally poisoned (-2 -> -24)
A: horns 2, retaliatory headbutt
a: Renounce Religion, Berserk


You were on level 1 of the Dungeon.
You worshipped Trog.
Trog was aware of your devotion.
You visited 1 branch of the dungeon, and saw 1 of its levels.

You collected 23 gold pieces.

Inventory:

Hand Weapons
 a - a +0 hand axe (weapon)
Missiles
 c - 7 atropa-tipped darts
Armour
 b - a +0 animal skin (worn)
Jewellery
 d - a ring of positive energy (left hand)
Potions
 e - a potion of magic {unknown}


   Skills:
 + Level 4.0 Fighting
 + Level 3.9 Axes
 + Level 2.5 Armour
 + Level 2.3 Dodging


You had one spell level left.
You didn't know any spells.
Your spell library was empty.

Dungeon Overview and Level Annotations

Branches:
Dungeon (1/15)

Altars:


Innate Abilities, Weirdness & Mutations

You have a pair of horns on your head.
You reflexively headbutt those who attack you in melee.


Message History

You slash the jackal!
You kill the jackal!
Trog accepts your kill.
Your Fighting skill increases to level 4!
You feel a strong urge to attack something.
You feel your anger nearly subside.
You are no longer berserk.
You are exhausted.
You feel yourself slow down.
d - a ring of positive energy
There are no items here.
d - a ring of positive energy (left hand) HP restored.
You feel yourself speed up.
You now have 23 gold pieces (gained 12).
You recover from your berserk rage.
e - a smoky blue potion An endoplasm and a kobold come into view.
The kobold is wielding a +2 whip of venom.
You see here a scroll labelled GUULID YSKI.
The kobold hits you with a +2 whip of venom.
You are poisoned.
You closely miss the kobold.
You feel very sick.
The kobold hits you with a +2 whip of venom.
You are lethally poisoned!
The kobold barely misses you. You furiously retaliate!
You headbutt the kobold, but do no damage.
You closely miss the kobold. You hit the endoplasm.
* * * LOW HITPOINT WARNING * * *
You feel very sick.
The endoplasm hits you but does no damage.
The kobold completely misses you. You furiously retaliate!
You headbutt the kobold, but do no damage.
The endoplasm hits you.
* * * LOW HITPOINT WARNING * * *
You hit the kobold.
You kill the kobold!
Trog accepts your kill.
You barely miss the endoplasm.
You die...

# .# #### ###.#
#.. #...# #.#
#######.#######)#
#.............?@#
#.#####.#######J.#
#.# #.# #..# #.#
#.# #...# #.# #.#
#...# #.# #.#
##... #.# #.# ...#
#.# #.# ##.. #.#
#.#


You could see an endoplasm.

Vanquished Creatures
  A giant cockroach (D:1)
  6 jackals (D:1)
  A kobold (D:1)
  A rat (D:1)
9 creatures vanquished.

Notes
Turn   | Place    | Note
-------+----------+-------------------------------------------
     0 | D:1      | wewepker the Minotaur Berserker began the quest for the
                  | Orb.
     0 | D:1      | Reached XP level 1. HP: 19/19 MP: 0/0
    56 | D:1      | Reached XP level 2. HP: 27/27 MP: 1/1
    58 | D:1      | Reached skill level 4 in Fighting
   159 | D:1      | Succumbed to a kobold's poison

Illustrated notes

Levels and vault maps discovered:
D:1:      dpeg_arrival_boxorama, layout_loops_ring, minmay_unequal

Skill      XL: |  1  2 |
---------------+-------+-----
Fighting       | 4 |  4.0
Axes           | |  3.9
Armour         | |  2.5
Dodging        | |  2.3

Action                   || total
-------------------------++-------
Melee: Hand axe          ||    11
       Headbutt          ||     1
Invok: Berserk           ||     1
Armor: Animal skin       ||     7
Dodge: Dodged            ||     7

Table legend: (Time is in decaauts)
 A = Elapsed time spent in this place.
 B = Non-inter-level travel time spent in this place.
 C = Inter-level travel time spent in this place.
 D = Time resting spent in this place.
 E = Time spent auto-exploring this place.
 F = Levels seen in this place.
 G = Mean time per level.
                   A        B        C        D        E       F      G
               +--------+--------+--------+--------+--------+-----+--------+
         Total |    164 |    164 |      0 |      0 |    118 |   1 |  164.0 |
       Dungeon |    164 |    164 |      0 |      0 |    118 |   1 |  164.0 |
               +--------+--------+--------+--------+--------+-----+--------+

Top non-repeatable levels by time:
     D:1: 164 daAuts
